 Dungeon Crawl Stone Soup version 0.29-a0-330-g52719c12eb (webtiles) character file.

Game seed: 10887250195877568066

46 Aelig the Insei (level 3, -1/25 HPs)
             Began as a Vampire Transmuter on May 12, 2022.
             Splashed by a jelly's acid (4 damage)
             ... on level 3 of the Dungeon.
             The game lasted 00:03:21 (1535 turns).

Aelig the Insei (Vampire Transmuter)                Turns: 1535, Time: 00:03:21

Health: -1/25      AC: -5    Str:  9    XL:     3   Next: 44%
Magic:  5/6        EV: 12    Int: 17    God:
Gold:   148        SH:  0    Dex: 14    Spells: 3/6 levels left

rFire   . . .      SeeInvis +     - Unarmed
rCold   . . .      Faith    .   (no shield)
rNeg    . . .      Spirit   .   u - +0 robe {Will+}
rPois   .          Reflect  .   (helmet currently unavailable)
rElec   .          Harm     .   (no cloak)
rCorr   .          Rampage  .   r - +0 pair of gloves
Will    +....                   (boots currently unavailable)
Stlth   +.........              (no amulet)
HPRegen 0.28/turn               (no ring)
MPRegen 0.10/turn               (no ring)

@: appendages, corroded, healing quickly
A: horns 2, talons 2, alive, fangs 3, see invisible, vampiric 2
a: Exsanguinate, End Transformation


You were on level 3 of the Dungeon.
You had temporarily grown beastly horns and talons.
You visited 1 branch of the dungeon, and saw 3 of its levels.

You collected 148 gold pieces.

Inventory:

Missiles
 f - 112 stones (quivered)
 j - 2 throwing nets
Armour
 c - a +0 pair of boots (melded)
 d - a +0 helmet (melded)
 r - a +0 pair of gloves (worn)
 u - a +0 robe of willpower (worn)
Jewellery
 h - a ring of fire
Scrolls
 e - a scroll of noise {unknown}
 g - a scroll of vulnerability {unknown}
 i - 2 scrolls of brand weapon {unknown}
 m - a scroll of amnesia {unknown}
 n - a scroll of identify {unknown}
 p - a scroll of enchant armour {unknown}
 t - a scroll of immolation {unknown}
Potions
 b - a potion of lignification
 k - a potion of might {unknown}
 l - a potion of degeneration {unknown}
 o - a potion of mutation {unknown}
 q - 2 potions of curing {unknown}
 s - a potion of heal wounds {unknown}


   Skills:
 - Level 0.8 Fighting
 - Level 2.1 Dodging
 * Level 4.5 Unarmed Combat
 - Level 2.0 Spellcasting
 + Level 3.0 Transmutations


You had 3 spell levels left.
You knew the following spells:

 Your Spells              Type           Power      Damage    Failure   Level
a - Beastly Appendage     Tmut           24%        N/A       5%          1
b - Wereblood             Tmut           12%        N/A       9%          2

Your spell library contained the following spells:

 Spells                   Type           Power      Damage    Failure   Level
 Freeze                   Ice            4%         1d3       19%         1
 Spider Form              Tmut/Pois      6%         N/A       30%         3
 Frozen Ramparts          Ice            2%         1d2       50%         3
 Ice Form                 Ice/Tmut       6%         N/A       71%         4
 Hailstorm                Conj/Ice       1%         3d3       88%         4


Dungeon Overview and Level Annotations

Branches:
Dungeon (3/15)

Altars:

Shops:
D:3 (


Innate Abilities, Weirdness & Mutations

You have temporarily grown beastly horns and talons.
Your natural rate of healing is accelerated.
You have razor-sharp teeth.
You have supernaturally acute eyesight. (SInv)
You are afflicted with vampirism and can become a bat while bloodless.


Message History

You see here a +0 robe of willpower.
You start removing your armour.
You continue taking off your +0 robe. x4
You finish taking off your +0 robe.
You start putting on your armour.
You continue putting on your +0 robe of willpower. x5
You finish putting on your +0 robe of willpower.
You feel strong-willed.
You drop a +0 robe.
Found a sapphire potion.
Found a stone staircase leading up.
Found a stone staircase leading down.
q - 2 sapphire potions (gained 1)
A jelly comes into view.
The jelly quivers.
Casting: Beastly Appendage (safe; 5% risk of failure)
Confirm with . or Enter, or press ? or * to list all spells.
You grow a pair of large bovine horns.
Your feet morph into talons.
Your +0 helmet melds into your body.
Your +0 pair of boots melds into your body.
You hit the jelly. The acid corrodes you!
Your hands burn!
The jelly is lightly wounded.
The jelly jiggles.
The jelly barely misses you.
You barely miss the jelly.
You headbutt the jelly, but do no damage.
The jelly is lightly wounded.
The jelly barely misses you.
You hit the jelly.
Your hands burn!
You claw the jelly. You headbutt the jelly.
The jelly is heavily wounded.
The jelly misses you.
You barely miss the jelly. You claw the jelly, but do no damage.
The jelly is heavily wounded.
The jelly hits you.
You are splashed with acid!
* * * LOW HITPOINT WARNING * * *
You hit the jelly but do no damage.
Your hands burn!
* * * LOW HITPOINT WARNING * * *
You bite the jelly, but do no damage.
The jelly is heavily wounded.
Okay, then.
You hit the jelly but do no damage. The acid corrodes you!
Your hands burn!
You die...

##### #.#
#.# #>#
#.# #.#
#.# # #.#
#.# ♣# #.#
.# #.# ∩♣
#.# .#
#.######.#
♣#
#..@J....#
#######.
##########
.)......
########
.......
####### #


You could see a jelly.

Vanquished Creatures
  2 adders
  A worm (D:2)
  A bat (D:3)
  4 endoplasms
  2 giant cockroaches
  2 goblins
  2 hobgoblins
  2 jackals (D:2)
  2 ball pythons
  2 frilled lizards (D:2)
  3 kobolds
  A rat (D:1)
24 creatures vanquished.

Notes
Turn   | Place    | Note
-------+----------+-------------------------------------------
     0 | D:1      | Aelig the Vampire Transmuter began the quest for the Orb.
     0 | D:1      | Reached XP level 1. HP: 14/14 MP: 3/3
   771 | D:2      | Reached XP level 2. HP: 19/20 MP: 3/5
   774 | D:2      | Learned a level 2 spell: Wereblood
   929 | D:2      | Found a faded altar of an unknown god.
   978 | D:2      | Reached skill level 4 in Unarmed Combat
  1053 | D:2      | Identified the +3 dagger of Zin {speed, Str-5 Dex+5}
  1215 | D:2      | Gained mutation: You are afflicted with vampirism and can
                  | become a bat while bloodless. [Vampire growth]
  1215 | D:2      | Reached XP level 3. HP: 25/25 MP: 4/6
  1394 | D:3      | Found Vaibaeh's Antique Weapon Shoppe.
  1535 | D:3      | Splashed by a jelly's acid

Illustrated notes

Levels and vault maps discovered:
D:1:      shiori_shiawase, layout_loops_ring
D:2:      layout_loops_ring, ebering_ecumenical_altar_hall
D:3:      layout_loops_ring, nicolae_qazlal_style_of_elements, serial_shops,
          nicolae_shop_trees, kennysheep_another_room

Skill      XL: |  1  2  3 |
---------------+----------+-----
Unarmed Combat | 4 |  4.5
Transmutations | 3 |  3.0
Fighting       | |  0.8
Dodging        | |  2.1
Spellcasting   | |  2.0

Action                   || total
-------------------------++-------
Melee: Unarmed           ||    84
       Kick              ||    21
       Bite              ||     8
       Headbutt          ||    14
       Punch             ||     2
 Cast: Beastly Appendage ||    21
       Wereblood         ||     1
 Stab: Sleeping          ||     1
Armor: Robe              ||    15
Dodge: Dodged            ||    40

Table legend: (Time is in decaauts)
 A = Elapsed time spent in this place.
 B = Non-inter-level travel time spent in this place.
 C = Inter-level travel time spent in this place.
 D = Time resting spent in this place.
 E = Time spent auto-exploring this place.
 F = Levels seen in this place.
 G = Mean time per level.
                   A        B        C        D        E       F      G
               +--------+--------+--------+--------+--------+-----+--------+
         Total |   1528 |   1497 |     31 |     73 |    981 |   3 |  509.3 |
       Dungeon |   1528 |   1497 |     31 |     73 |    981 |   3 |  509.3 |
               +--------+--------+--------+--------+--------+-----+--------+

Top non-repeatable levels by time:
     D:2: 763 daAuts
     D:1: 618 daAuts
     D:3: 146 daAuts
